Cogmind - Beta 9.6 @@@ ROGUE MODE // 2020.07.16 @ 19:02:46 Player: pointone Result: Destroyed by S-10 Pest with Light Assault Rifle Performance ------------- Evolutions (2) 1000 Regions Visited (7) 1400 Robots Destroyed (52) 260 Value Destroyed (1003) 1003 Prototype IDs (1) 20 Alien Tech Used (0) 0 Bonus (91) 91 TOTAL SCORE: 3774 Bonus ------- High Alert Combat Kills 33 Follower Combat Kills 58 Cogmind --------- Core Integrity 0/550 Matter 295/300 Energy 70/100 System Corruption 0% Temperature Cool (0) Movement Walking (150) Ox1 Location -8/Materials Parts ------- > --- POWER (1) -------- (None) > --- PROPULSION (2) --- Carbon-fiber Leg > --- UTILITY (5) ------ Improved Heat Sink Large Storage Unit Advanced Visual Processing Unit Advanced Signal Interpreter > --- WEAPON (3) ------- (None) > --- INVENTORY (10) --- Carbon-fiber Leg High-capacity Matter Pod (200) High-capacity Matter Pod (92) Proton Missile Launcher Proton Missile Launcher Peak State ------------ > --- POWER ------------ Light Nuclear Core > --- PROPULSION ------- Carbon-fiber Leg Carbon-fiber Leg > --- UTILITY ---------- Improved Heat Sink Large Storage Unit Signal Interpreter Improved Terrain Scan Processor Makeshift Cloaking Device > --- WEAPON ----------- Makeshift Shrapnel Gun Proton Missile Launcher Makeshift Spear > --- INVENTORY -------- Light Nuclear Core Carbon-fiber Leg Carbon-fiber Leg Carbon-fiber Leg Carbon-fiber Leg High-capacity Matter Pod Proton Missile Launcher [Rating: 36] Favorites ----------- Power Ion Engine Engine Ion Engine Power Core Light Nuclear Core Propulsion Aluminum Leg Leg Aluminum Leg Flight Unit Flight Unit Utility Signal Interpreter Device Improved Heat Sink Storage Large Storage Unit Processor Signal Interpreter Weapon Assault Rifle Energy Gun Beam Rifle Energy Cannon Particle Cannon Ballistic Gun Assault Rifle Launcher Proton Missile Launcher Special Weapon Mining Laser Piercing Weapon Makeshift Spear Build | -11 -10 -10 -9 -9 -9 -8 -8 ------- Run | Scr Mat Min Mat Min Exi Min Mat Slots Evolved 4 | . . . 2 . . . 2 Power . | . . . . . . . . Propulsion . | . . . . . . . . Utility 3 | . . . 2 . . . 1 Weapon 1 | . . . . . . . 1 Parts Attached 66 | 6 1 18 9 4 3 4 21 Power 7 | 1 . 2 1 . . 1 2 Engine 5 | 1 . 2 1 . . 1 . Core 2 | . . . . . . . 2 Reactor . | . . . . . . . . Propulsion 20 | 2 . 6 3 2 . 1 6 Treads . | . . . . . . . . Leg 14 | 2 . 6 . . . . 6 Wheel . | . . . . . . . . Hover . | . . . . . . . . Flight 6 | . . . 3 2 . 1 . Utility 16 | 1 1 4 2 . 2 1 5 Device 5 | . 1 . 1 . 1 1 1 Storage 6 | 1 . 3 . . 1 . 1 Processor 5 | . . 1 1 . . . 3 Hackware . | . . . . . . . . Protection . | . . . . . . . . Artifact . | . . . . . . . . Weapon 23 | 2 . 6 3 2 1 1 8 Energy Gun 1 | . . . 1 . . . . Energy Cannon 6 | . . 2 . . . . 4 Ballistic Gun 8 | 2 . 2 1 . . 1 2 Ballistic Cannon . | . . . . . . . . Launcher 3 | . . . . 1 . . 2 Special Weapon 4 | . . 2 1 1 . . . Impact Weapon . | . . . . . . . . Slashing Weapon . | . . . . . . . . Piercing Weapon 1 | . . . . . 1 . . Special Melee Weapon . | . . . . . . . . Unidentified Prototypes 1 | . . . . . . . 1 Parts Lost 43 | . . 8 11 4 . 2 18 Power 6 | . . 1 2 . . 1 2 Propulsion 17 | . . 4 4 2 . 1 6 Utility 2 | . . . 1 . . . 1 Weapon 18 | . . 3 4 2 . . 9 Highest Loss Streak 7 | . . 3 7 3 . 2 7 Average Slot Usage (%) 79 | . 88 97 59 36 48 87 76 Engine 8 | . 14 13 8 . . 7 . Core 1 | . . . . . . . 6 Leg 14 | . 28 25 5 . . . 15 Flight 5 | . . . 12 11 11 18 . Device 5 | . 2 . 2 . 7 18 9 Storage 10 | . 14 19 3 . . . 6 Processor 14 | . . 7 22 22 22 22 17 Energy Cannon 4 | . . 8 2 . . . 3 Ballistic Gun 10 | . 28 14 . . . 9 6 Special Weapon 2 | . . 4 1 2 . . . Piercing Weapon 3 | . . . . . 7 11 6 Naked Turns . | . . . . . . . . Heaviest Build 43 | 13 14 31 27 1 3 8 43 Greatest Support 30 | 20 20 30 30 8 4 8 30 Greatest Overweight (x) 5 | 1 . 1 5 . . . 2 Average Overweight (x) . | . . . . . . . . Largest Inventory Capacity 12 | 6 6 12 10 4 10 4 10 Average Capacity 7 | 5 6 10 6 4 4 4 8 Most Carried 12 | 4 6 12 9 4 4 4 10 Average Carried 6 | 2 5 9 4 4 3 3 5 Final Capacity 10 | 6 6 10 4 4 4 4 10 Final Carried 9 | 4 6 9 4 4 4 4 5 Class Distribution -------------------- 83% | Mutant 12% | Scavenger-Mutant 3% | Derelict-Mutant Dominant Class ---------------- Mutant | -10/Materials Mutant | -10/Mines Scavenger-Mutant | -9/Materials Mutant | -9/Mines Mutant | -9/Exiles Scavenger-Mutant | -8/Mines Mutant | -8/Materials Resources | -11 -10 -10 -9 -9 -9 -8 -8 ----------- Run | Scr Mat Min Mat Min Exi Min Mat Matter Collected 1292 | 240 180 325 25 40 . 96 386 Remotely . | . . . . . . . . Salvage Created 1415 | . 219 189 33 41 . 50 883 Parts 93 | . 7 15 4 7 . 4 56 Haulers Intercepted . | . . . . . . . . Recyclers Shooed 2 | . 1 . . . . . 1 Parts Field Recycled . | . . . . . . . . Retrieved Matter . | . . . . . . . . Parts Self-Destructed . | . . . . . . . . Prevented . | . . . . . . . . Kills | -11 -10 -10 -9 -9 -9 -8 -8 ------- Run | Scr Mat Min Mat Min Exi Min Mat Combat Hostiles Destroyed 43 | . 3 15 2 5 . 1 17 Melee 3 | . . . 1 . . 1 1 Guns 18 | . 3 10 1 . . . 4 Cannons 8 | . . 5 . . . . 3 AOE 14 | . . . . 5 . . 9 Classes Destroyed 9 | . 3 2 . . . . 4 Worker 2 | . 1 . . . . . 1 Builder 3 | . . . . . . . 3 Recycler 3 | . 1 . . . . . 2 Mechanic 1 | . . . . . . . 1 Swarmer 21 | . . 9 2 5 . . 5 Grunt 11 | . 3 . . . . 1 7 Duelist 1 | . . . . . . . 1 Sentry 4 | . . . . . . . 4 Assembled 6 | . . 6 . . . . . Best Kill Streak 5 | . 3 4 1 5 . 1 5 Combat Bots Only 5 | . 2 4 1 5 . 1 5 Max Kills in Single Turn 5 | . 1 1 1 5 . 1 3 Gunslinging . | . . . . . . . . Exploded 5 | . . . . 5 . . 3 Melee 1 | . . . 1 . . 1 1 Uniques/NPCs Destroyed . | . . . . . . . . Combat | -11 -10 -10 -9 -9 -9 -8 -8 -------- Run | Scr Mat Min Mat Min Exi Min Mat Damage Taken 4395 | . 260 1001 497 255 . 131 2251 Core 1141 | . 53 174 178 153 . 33 550 Absorbed by Shields . | . . . . . . . . Core Remaining (%) 39 | 100 . 9 . . . 9 . Volleys Fired 134 | . 25 57 14 3 . . 35 Largest 2 | . 2 2 2 1 . . 2 Hottest 168 | . 40 168 168 100 . . 138 Shots Fired 202 | . 50 87 17 3 . . 45 Gun 124 | . 50 39 11 . . . 24 Cannon 34 | . . 17 4 . . . 13 Launcher 10 | . . . . 2 . . 8 Special 34 | . . 31 2 1 . . . Kinetic 121 | . 50 39 8 . . . 24 Thermal 62 | . . 48 9 1 . . 4 Explosive 5 | . . . . 2 . . 3 Electromagnetic 14 | . . . . . . . 14 Robot Hit Streak 8 | . 8 7 3 2 . . 8 Robot Miss Streak 5 | . 3 3 3 . . . 5 Penetration Max . | . . . . . . . . Secondary Targets 3 | . . 3 . . . . . Max Gunslinging Chain 1 | . . 1 . . . . . Shots Hit Robots 114 | . 25 35 9 2 . 4 39 Core Hits 79 | . 10 19 6 5 . 1 38 Critical Hits 1 | . 1 . . . . . . Critical Kills 1 | . 1 . . . . . . Critical Parts Destroyed . | . . . . . . . . Melee Attacks 19 | . . . . . . 5 14 Impact . | . . . . . . . . Slashing . | . . . . . . . . Piercing 19 | . . . . . . 5 14 Sneak Attacks 2 | . . . . . . . 2 Combat Hostiles . | . . . . . . . . Follow-up Attacks . | . . . . . . . . Damage Inflicted 3295 | . 294 551 97 339 . 117 1897 Guns 1080 | . 294 295 71 . . . 420 Cannons 513 | . . 208 21 . . . 284 Explosions 1173 | . . . . 339 . . 834 Melee 476 | . . . . . . 117 359 Ramming 5 | . . . 5 . . . . Kinetic 1050 | . 294 295 41 . . . 420 Thermal 650 | . . 256 51 . . . 343 Explosive 614 | . . . . 339 . . 275 Electromagnetic 500 | . . . . . . . 500 Impact . | . . . . . . . . Slashing . | . . . . . . . . Piercing 476 | . . . . . . 117 359 Highest Corruption 7 | . 2 7 2 2 2 2 . Average Corruption 3 | . 2 4 2 2 2 2 . Corruption Purged . | . . . . . . . . Effects 32 | . 1 17 2 2 5 5 . Message Errors 7 | . . 1 2 . 3 1 . Matter Fused 3 | . . 3 . . . . . Heat Flow Errors 8 | . 1 3 . . 1 3 . Energy Discharges 4 | . . 2 . 1 . 1 . Data Loss (minor) 5 | . . 3 . 1 1 . . Data Loss (major) 1 | . . 1 . . . . . Targeting Errors 3 | . . 3 . . . . . Weapon Failures 1 | . . 1 . . . . . Overload Shots . | . . . . . . . . Overflow Damage 125 | . . 6 . 60 . . 59 Projectiles 10 | . . 6 . . . . 4 Explosions 115 | . . . . 60 . . 55 Melee . | . . . . . . . . Knockbacks . | . . . . . . . . Impact . | . . . . . . . . Kinetic . | . . . . . . . . Secondary . | . . . . . . . . Self-Inflicted Damage 81 | . . . 1 49 . . 31 Shots 2 | . . . . 1 . . 1 Rammed 5 | . . . 5 . . . . Targets Rammed 5 | . . . 5 . . . . Kicked . | . . . . . . . . Crushed . | . . . . . . . . Highest Temperature 462 | . 255 462 121 . 103 225 33 Average Temperature 102 | . 255 114 51 . 61 94 12 Received Heat Transfer 930 | . 84 60 75 . . 63 648 Effects 6 | . . 6 . . . . . Energy Bleed 1 | . . 1 . . . . . Matter Decay 2 | . . 2 . . . . . Damage (major) 3 | . . 3 . . . . . Siege Activations . | . . . . . . . . Robots Corrupted . | . . . . . . . . Combat Hostiles . | . . . . . . . . Parts Fried 1 | . . . . . . . 1 Impact Corruptions . | . . . . . . . . Robots Melted . | . . . . . . . . Combat Hostiles . | . . . . . . . . Parts Melted 2 | . . 2 . . . . . Heat Transferred 1055 | . . 470 111 . . . 474 Parts Sabotaged . | . . . . . . . . Parts Stolen . | . . . . . . . . Parts Stripped . | . . . . . . . . Power Chain Reactions 4 | . . . . . . . 4 Missiles Intercepted . | . . . . . . . . Alert | -11 -10 -10 -9 -9 -9 -8 -8 ------- Run | Scr Mat Min Mat Min Exi Min Mat Peak Influence 430 | . 88 189 75 127 . 96 430 Average Influence 99 | . 31 67 25 50 . 66 302 Maximum Alert Level 2 | . . . . . . . 2 Low Security (%) 26 | 100 100 100 100 100 . 100 26 Level 1 54 | . . . . . . . 54 Level 2 18 | . . . . . . . 18 Level 3 . | . . . . . . . . Level 4 . | . . . . . . . . Level 5 . | . . . . . . . . High Security . | . . . . . . . . Max Security . | . . . . . . . . Squads Dispatched 9 | . 2 . 3 . . . 4 Investigation 2 | . . . 1 . . . 1 Extermination . | . . . . . . . . Reinforcement 6 | . 2 . 2 . . . 2 Assault . | . . . . . . . . Garrison 1 | . . . . . . . 1 Intercept . | . . . . . . . . Construction Impeded 1 | . . . . . . . 1 Haulers Reinforced . | . . . . . . . . Stealth | -11 -10 -10 -9 -9 -9 -8 -8 --------- Run | Scr Mat Min Mat Min Exi Min Mat Distress Signals 1 | . . 1 . . . . . Communications Jammed . | . . . . . . . . Distress Signals . | . . . . . . . . Times Spotted 111 | . 10 27 18 14 . 8 34 Peak Tracking Total 13 | . 6 6 7 7 . 4 13 Tactical Retreats 18 | . . 8 2 5 . 1 2 Traps | -11 -10 -10 -9 -9 -9 -8 -8 ------- Run | Scr Mat Min Mat Min Exi Min Mat Traps Triggered 3 | . 2 . . . . . 1 Indirectly . | . . . . . . . . Trap Hack Attempts . | . . . . . . . . Triggered . | . . . . . . . . Disarmed . | . . . . . . . . Reprogrammed . | . . . . . . . . Reused . | . . . . . . . . Traps Extracted . | . . . . . . . . Installed . | . . . . . . . . Triggered . | . . . . . . . . Machines | -11 -10 -10 -9 -9 -9 -8 -8 ---------- Run | Scr Mat Min Mat Min Exi Min Mat Machines Disabled 4 | . . . 1 . . 1 2 Max in Single Turn 2 | . . . 1 . . . 2 Machines Sabotaged . | . . . . . . . . Garrisons Compromised . | . . . . . . . . Overloaded Fab Kills . | . . . . . . . . Fab Network Shutdowns . | . . . . . . . . Hacking | -11 -10 -10 -9 -9 -9 -8 -8 --------- Run | Scr Mat Min Mat Min Exi Min Mat Machines Accessed 8 | . 1 1 1 . 4 . 1 Terminals 4 | . 1 1 1 . . . 1 Fabricators . | . . . . . . . . Repair Stations . | . . . . . . . . Recycling Units . | . . . . . . . . Scanalyzers . | . . . . . . . . Garrison Access . | . . . . . . . . Total Hacks 56 | . 2 1 3 . 48 . 2 Successful 51 | . 1 1 . . 48 . 1 Failed 5 | . 1 . 3 . . . 1 Catastrophic 1 | . . . 1 . . . . Database Lockouts . | . . . . . . . . Manual 8 | . 2 1 . . 3 . 2 Terminals 8 | . 2 1 3 . . . 2 Fabricators . | . . . . . . . . Repair Stations . | . . . . . . . . Recycling Units . | . . . . . . . . Scanalyzers . | . . . . . . . . Garrison Access . | . . . . . . . . Terminal Hacks 50 | . 1 1 . . 48 . . Record 48 | . . . . . 48 . . Branch Access Points 2 | . 1 1 . . . . . Fabricator Hacks . | . . . . . . . . Repair Station Hacks . | . . . . . . . . Recycling Unit Hacks . | . . . . . . . . Scanalyzer . | . . . . . . . . Garrison Access Hacks . | . . . . . . . . Unauthorized Hacks 1 | . . . . . . . 1 Terminals 1 | . . . . . . . 1 Botnet 1 | . . . . . . . 1 Fabricators . | . . . . . . . . Repair Stations . | . . . . . . . . Recycling Units . | . . . . . . . . Scanalyzers . | . . . . . . . . Garrison Access . | . . . . . . . . Data Cores Recovered . | . . . . . . . . Used . | . . . . . . . . Hacking Detections 3 | . 1 . 1 . . . 1 Full Trace Events 1 | . . . 1 . . . . Feedback Events . | . . . . . . . . Feedback Blocked . | . . . . . . . . Robot Schematics Acquired . | . . . . . . . . Robots Built . | . . . . . . . . Matter . | . . . . . . . . Time . | . . . . . . . . Total Robot Build Rating . | . . . . . . . . Part Schematics Acquired . | . . . . . . . . Parts Built . | . . . . . . . . Matter . | . . . . . . . . Time . | . . . . . . . . Total Part Build Rating . | . . . . . . . . Parts Repaired . | . . . . . . . . Time . | . . . . . . . . Parts Recycled . | . . . . . . . . Recycled Matter . | . . . . . . . . Retrieved Matter . | . . . . . . . . Retrieved Components . | . . . . . . . . Parts Scanalyzed . | . . . . . . . . Part Schematics Acquired . | . . . . . . . . Parts Damaged . | . . . . . . . . Bothacking | -11 -10 -10 -9 -9 -9 -8 -8 ------------ Run | Scr Mat Min Mat Min Exi Min Mat Used RIF Installer . | . . . . . . . . Robots Hacked . | . . . . . . . . Non-combat . | . . . . . . . . Combat . | . . . . . . . . Robot Hacks Applied . | . . . . . . . . Relay Couplers Released . | . . . . . . . . Robots Rewired 3 | . . . . . 3 . . Allies Hacked . | . . . . . . . . Hacks Repelled . | . . . . . . . . Allies | -11 -10 -10 -9 -9 -9 -8 -8 -------- Run | Scr Mat Min Mat Min Exi Min Mat Total Allies 3 | . . . . . 3 . . Largest Group 3 | . . . . . 3 3 . Highest-Rated Group 37 | . . . . . 37 37 . Highest-Rated Ally 21 | . . . . . 21 21 . Total Orders . | . . . . . . . . Ally Attacks 11 | . . . . . . 11 . Total Damage 246 | . . . . . . 246 . Kills 4 | . . . . . . 4 . Allies Corrupted . | . . . . . . . . Allies Melted . | . . . . . . . . Intel | -11 -10 -10 -9 -9 -9 -8 -8 ------- Run | Scr Mat Min Mat Min Exi Min Mat Robot Analysis Total . | . . . . . . . . Derelict Logs Recovered 4 | . . 2 . 2 . . . Drone Launches . | . . . . . . . . Drone Recoveries . | . . . . . . . . Exploration | -11 -10 -10 -9 -9 -9 -8 -8 ------------- Run | Scr Mat Min Mat Min Exi Min Mat Turns Passed 2941 | 65 237 1079 259 173 299 358 471 Spaces Moved 2994 | 44 128 617 307 401 589 615 293 Core 245 | 4 . . 15 2 135 89 . Treads . | . . . . . . . . Legs 1023 | 40 128 617 29 . . . 209 Wheels . | . . . . . . . . Hover . | . . . . . . . . Flight 1726 | . . . 263 399 454 526 84 Fastest Speed 37 | 50 120 120 37 37 40 37 40 Average Speed 71 | 116 120 134 48 39 42 39 108 Slowest Speed 300 | 150 120 150 300 50 50 50 180 Overloaded Moves . | . . . . . . . . Propulsion Burnouts . | . . . . . . . . Robots Hopped 23 | . . . 3 5 8 7 . Cave-ins Triggered 1 | . . 1 . . . . . Exploration Rate (%) 59 | 3 26 92 30 94 93 93 42 Regions Visited 7 Branch Regions 4 Pre-discovered Areas 3 | . . 1 . 1 1 . . Known Exits Taken 5 | . 1 1 1 . 1 1 . Unknown Exits Taken 2 | 1 . . . 1 . . . Scrap Searched 6 | . . 3 . 1 . 2 . Spaces Dug 38 | . . 23 . 1 . . 14 Terrain Destroyed 141 | . . 27 2 28 . . 84 Melee 2 | . . . . . . . 2 Projectile 31 | . . 27 2 1 . . 1 AOE 108 | . . . . 27 . . 81 Actions | -11 -10 -10 -9 -9 -9 -8 -8 --------- Run | Scr Mat Min Mat Min Exi Min Mat Total 3455 | 54 162 719 387 402 632 716 383 Wait 195 | 1 1 7 55 . 26 98 7 Move 2943 | 43 127 615 300 390 574 601 293 Hop 20 | . . . 3 5 6 6 . Pick Up 37 | 4 5 14 . . 3 1 10 Fast Attach 30 | 6 1 2 2 4 1 3 11 Attach 27 | . . 9 6 . 2 1 9 Detach 5 | . . . 1 . 1 . 3 Swap 9 | . . 7 1 . . . 1 Drop 13 | . 3 7 . . 2 1 . Fire 134 | . 25 57 14 3 . . 35 Melee 19 | . . . . . . 5 14 Ram 2 | . . . 2 . . . . Kick 3 | . . . 3 . . . . Crush . | . . . . . . . . Escape Stasis 1 | . . 1 . . . . . Rewire 17 | . . . . . 17 . . Trap . | . . . . . . . . Miscellaneous . | . . . . . . . . Route ------- -11/Scrapyard -10/Materials -10/Mines (discovered 2 exits: *Mat x2) -9/Materials (discovered 3 exits: Mat x2 / *Min) -9/Mines (discovered 3 exits: *Mat x2 / *Exi) -9/Exiles (discovered 2 exits: *Min x2) -8/Mines -8/Materials (discovered 1 exit: *Sto) History --------- Turn | Location | Event 17 | -11/Scrapyard | Discovered new exit (range 16) 66 | -11/Scrapyard | Entered Materials 154 | -10/Materials | Identified exit to Mines 303 | -10/Materials | Entered Mines 315 | -10/Mines | Build established: Mutant 327 | -10/Mines | Assembled infested the area 332 | -10/Mines | Assisted by a Guerilla fighting off Assembled 454 | -10/Mines | Learned 2 Materials zone layouts 740 | -10/Mines | Lost 3 parts (2n1w) 772 | -10/Mines | Discovered new exit (range 7) 785 | -10/Mines | Identified exit to Materials 857 | -10/Mines | Crushed by falling debris 858 | -10/Mines | Core integrity fell below 50% 1096 | -10/Mines | Discovered exit to Materials (range 4) 1101 | -10/Mines | Learned location of Storage (-8) 1178 | -10/Mines | Core integrity fell below 20% 1280 | -10/Mines | Learned 2 Materials zone layouts 1382 | -10/Mines | Entered Materials 1382 | -9/Materials | Evolved 2 slots: Utility x2 1383 | -9/Materials | Identified exit to Materials 1489 | -9/Materials | Lost 7 parts (1p2n1u3w) 1639 | -9/Materials | Discovered new exit (range 7) 1641 | -9/Materials | Identified exit to Mines 1641 | -9/Materials | Entered Mines 1644 | -9/Mines | Learned Materials stockpile data 1648 | -9/Mines | Lost 4 parts (1p2n1w) 1680 | -9/Mines | Discovered exit to Materials (range 10) 1686 | -9/Mines | Discovered exit to Materials (range 15) 1723 | -9/Mines | Core integrity fell below 50% 1771 | -9/Mines | Core integrity fell below 20% 1813 | -9/Mines | Deemed a non-threat by the Exiles lab entrance 1813 | -9/Mines | Discovered new exit (range 5) 1814 | -9/Mines | Entered Exiles 1814 | -9/Exiles | Found Exiles lab destroyed 1820 | -9/Exiles | Lost 3 parts (2n1w) 1821 | -9/Exiles | Discovered new exit (range 15) 1827 | -9/Exiles | Identified exit to Mines 2039 | -9/Exiles | Learned location of Zion (-7) 2089 | -9/Exiles | Discovered exit to Mines (range 14) 2113 | -9/Exiles | Entered Mines 2113 | -8/Mines | Accompanied by 3 allies 2195 | -8/Mines | Discovered exit to Materials (range 6) 2471 | -8/Mines | Entered Materials 2471 | -8/Materials | Evolved 2 slots: Utility x1, Weapon x1 2523 | -8/Materials | Discovered new exit (range 15) 2609 | -8/Materials | Lost 4 parts (2n2w) 2710 | -8/Materials | Identified exit to Storage 2845 | -8/Materials | Core integrity fell below 50% 2858 | -8/Materials | Lost 7 parts (1p3n3w) 2909 | -8/Materials | Garrison activated, responded to threat 2933 | -8/Materials | Core integrity fell below 20% 2942 | -8/Materials | Destroyed by S-10 Pest with Light Assault Rifle Last Messages --------------- Lgt. Nuclear Core destroyed. ALERT: Construction progress impeded, dispatching reinforcements to local area. U-05 Engineer lays Concrete. R-06 Scavenger collects Terrain Scan Processor. U-05 Engineer lays Concrete. Penetrated by Slug. U-05 Engineer lays Concrete. R-06 Scavenger collects Terrain Scan Processor. Slug penetrates Wall. Imp. EM Pulse Cannon destroyed. Slug penetrates Wall. K-01 Serf collects debris. Penetrated by Slug. K-01 Serf collects debris. Imp. EM Pulse Cannon destroyed. Carbon-fiber Leg destroyed. H-55 Commando misfires. Slug penetrates Wall. K-01 Serf collects debris. Map ----- +----------------------------------------------------+ | ??????????????????????????????? | | ??????????????????????????????? | | ??????????????????????????????? | | ??????????????????????????????? | | ??????????????????????????????? | | ??????????????????????????????? | | ??????????????????????????????? | | ????????? ???????????????????? | | ???????? ??????????????????? | | ???????? ???????????????????? | | ?=?????? k ??????????????????? | | ???????? ???????????????????? | | ??????## ???????????????????? | | ?????+ "???????????????????? | | ?????# ????????????????????? | | ?????# ????????????????????? | | ?????# ????????????????????? | | ?????# a #??####??????????????? | | ?????# #? ???????????????? | | ?????# #?"""? ??????????????? | | ?????# # "Y? ??????????????? | | ?????# # "?" ???????????????? | | ?????+ ok?? ???????????????? | | ?????# ####+###?????????????? | | ?????# #????##???????? | | ?????#@ ### #???????? | | ?????# Y! ????? | | ?????# ### #???????? | | ?????## #?????????????? | | ??????# #?????????????? | | #####?#ss #?????????????? | | #! ?# #?????????????? | | # *# ######?????????????? | | #""" # s #?????????????#####? | | #""" / #?????????????# | | #""" # r#?????????????# | | # # g #?????????????? | | # =?# g #?????????????? " | | #####?# w#??????????????? " | | ??????# gh #????########?? | | ??????# r#????# ]!!||#??????? | | ??????# #????# !!||##?????? | | ??????# #????# ##?????? | | ??????# #####" =%######## | | ??????# %=! %*=!== | | ??????# %| =%=|%! | | ??????# !%! ! | | ? """ " #######"#########+### | | # # #???????#?????? ? | | # """ # #?????????????# ] | +----------------------------------------------------+ Best States ------------- Heat Dissipation 45 Energy Generation 14 Energy Capacity 250 Matter Stores 300 Matter Capacity 300 Sight Range 20 Terrain Scan Range 14 Terrain Scan Density 85 Cloak Strength 3 Evasion (%) 62 Item Schematics ----------------- None Robot Schematics ------------------ None Fabricated ------------ Nothing Alien Tech Used ----------------- None Achievements -------------- Quick And Dirty Challenges ------------ None Game ------ Seed MachineDispersionImmobilizer Manual? 0 Play Time 00:54:05 Cumulative 25.1 hours Start 2020.07.14 @ 21:30:29 End 2020.07.16 @ 19:02:46 Sessions 3 Manual Loads 0 Difficulty Rogue Special Mode None Game No. 30 Rogue 30 Adventurer 0 Explorer 0 Win Type - Total 0 Types 0/0/0/0/0/0/0 Lore% 37 Gallery% 38 Achievement% 32 Wizard Run 0 Options --------- ASCII 0 Keyboard 1 Movement Vi Keybinds 0 Fullscreen 1 Font 18/SmallcapsGlow Map View 76x50 Tactical HUD 0 Map Filters NONE Filters NONE Steam 0 RUN: dda17909-8750-49f7-a6b5-e962b894dfce